 Dungeon Crawl Stone Soup version bcrawl-1.31.4 (webtiles) character file.

Game seed: 18048711580649435777

457243 Morbidden the Thaumaturge (level 11, -5/70 HPs)
             Began as a Fairy Conjurer on June 9, 2021.
             Was a High Priest of Cheibriados.
             Slain by an orc knight
             ... wielding a +1 spear of freezing
              (20 damage)
             ... on level 9 of the Dungeon.
             The game lasted 00:13:41 (8392 turns).

Morbidden the Thaumaturge (Fairy Conjurer)          Turns: 8392, Time: 00:13:41

Health: -5/70      AC: 14    Str: 17    XL:     11   Next: 78%
Magic:  13/29      EV: 23    Int: 32    God:    Cheibriados [*****.]
Gold:   541        SH: 14    Dex: 25    Spells: 24/35 levels left

rFire    . . .     SeeInvis .     - Fists (9.9)
rCold    . . .     Gourm    .   a - +0 buckler
rNeg     . . .     Faith    .   (armour unavailable)
rPois    .         Spirit   .   C - +2 hat
rElec    .         Reflect  .   F - +0 cloak
rCorr    .         Harm     .   (no gloves)
MR       +....                  n - +1 pair of boots
Stlth    ++........             (no amulet)
HPRegen  0.21/turn              B - +3 ring of protection
MPRegen  0.21/turn              (no ring)

@: flying evasively, very slow
A: small, magic attunement, unstealthy, unfitting armour, able to fly, AC/SH +6
a: Stop Flying, Bend Time, Temporal Distortion, Slouch, Step From Time, Renounce
Religion


You were on level 9 of the Dungeon.
You worshipped Cheibriados.
Cheibriados was extremely pleased with you.
You were not hungry.

You visited 2 branches of the dungeon, and saw 10 of its levels.

You collected 541 gold pieces.

Inventory:

Hand Weapons
 p - a +1 dagger of protection
 x - a +3 dagger of venom
Missiles
 h - a throwing net {=f}
Armour
 a - a +0 buckler (worn)
 n - a +1 pair of boots (worn)
 C - a +2 hat (worn)
 F - a +0 cloak (worn)
Jewellery
 B - a +3 ring of protection (left hand)
Wands
 r - a wand of flame (25)
 t - a wand of random effects (11)
Scrolls
 c - a scroll of fog {unknown}
 g - 5 scrolls of blinking
 i - 9 scrolls of identify
 k - 3 scrolls of remove curse
 l - a scroll of enchant weapon
 o - 6 scrolls of teleportation
 s - 5 scrolls of amnesia
 u - a scroll of summoning {unknown}
 v - 3 scrolls of enchant armour
 y - a scroll of magic mapping
Potions
 b - a potion of magic
 d - 2 potions of haste {unknown}
 f - 4 potions of curing {unknown}
 j - 4 potions of heal wounds {unknown}
 m - a potion of resistance {unknown}
 q - 3 potions of lignification {unknown}
 w - a potion of ambrosia {unknown}
 z - a potion of degeneration {unknown}
 A - 3 potions of might {unknown}
 D - a potion of berserk rage {unknown}
Comestibles
 e - 22 rations {!d}
 E - 5 chunks of flesh


   Skills:
 * Level 4.6 Fighting
 * Level 7.2 Dodging
 + Level 2.3 Stealth
 + Level 2.5 Shields
 * Level 4.7 Unarmed Combat
 * Level 12.6 Spellcasting
 * Level 12.3 Conjurations
 * Level 4.0 Transmutations
 * Level 3.9 Invocations


You had 24 spell levels left.
You knew the following spells:

 Your Spells              Type           Power        Failure   Level  Hunger
a - Magic Dart            Conj           ####         1%          1    None
b - Iskenderun's Mystic   Conj           #######.     1%          3    None
c - Irradiate             Conj/Tmut      ######....   7%          5    None
z - Searing Ray           Conj           #######.     1%          2    None

Your spell library contained the following spells:

 Spells                   Type           Power        Failure   Level  Hunger
 Dazzling Orbs            Conj/Hex       ######.      1%          3    None
 Fulminant Prism          Conj/Hex       ######....   5%          4    None
 Corona                   Hex            ###....      7%          1    None
 Ensorcelled Hibernation  Hex/Ice        ###...       11%         2    None
 Confuse                  Hex            ###.....     22%         3    None
 Tukima's Dance           Hex            ###.....     22%         3    None
 Cause Fear               Hex            ###.......   56%         4    None


Dungeon Overview and Level Annotations

Branches:
Dungeon (9/12)             Temple (0/1) D:7            Lair (1/6) D:8
    Orc (0/1) D:9

Altars:
Ashenzari
Cheibriados
Hepliaklqana
Kikubaaqudgha
Makhleb
Qazlal
Xom
Yredelemnul
Zin

Shops:
D:4 :   D:8 [

Annotations:
D:5 1 runed door
D:9 1 runed door


Innate Abilities, Weirdness & Mutations

Your spells do not cause hunger and MP costs are reduced by 1.
Your bright wings attract enemies. (Stealth-)
You cannot fit into any form of body armour.
Your shimmering scales are hard and can block incoming attacks. (AC +6, SH +6)
You are small and have problems with some larger weapons.
You can fly continuously.


Message History

The orc knight is heavily wounded.
The orb of energy explodes!
The orc knight hits you from afar with a +1 spear of freezing!
The orc knight freezes you.
The orc priest calls down the wrath of Beogh upon you.
Beogh smites you!
* * * LOW HITPOINT WARNING * * *
Unknown command.
Casting: Iskenderun's Mystic Blast (safe; 1% risk of failure)
Confirm with . or Enter, or press ? or * to list all spells.
Aiming: Iskenderun's Mystic Blast (safe; 1% risk of failure)
Press: ? - help, Shift-Dir - straight line, f/p - orc knight
Aim: an orc knight, wielding a +1 spear of freezing, wearing a +4 scale mail of cold resistance and wearing a cursed +0 medium shield (heavily wounded)
The orb of energy hits the orc knight!
The orc knight is severely wounded.
The orb of energy explodes!
The mystic blast hits the orc!!
You kill the orc!
Cheibriados appreciates the change of pace.
The orc knight hits you from afar with a +1 spear of freezing!!
You die...

*,,*****,*,>,****##
#...,,,,,,,,,,,,,..
#...,,,,,8,*,8,,,..
#.o#********,,,**##
#..# *****
#..#######********#
#.o.......,,,,,,,,.
#.....)...,,,,,,,,.
#.@.o.o...,,,,,,,,.
#.........,,,,,,,,.
#........o,,,,,,,,.
#.........,,,,,,,,.
#.........,,,,,,,,.
#.........,,,,,,,,.
#.........,,,,,,,,.
#.........,,,,,,,,.
#########*********#


You could see 2 orc knights, an orc priest and 2 orcs.

Vanquished Creatures
  Gastronok (D:8)
  A centaur warrior (D:9)
  An ugly thing (D:8)
  2 centaur skeletons
  2 trolls (D:7)
  A slime creature (D:7)
  2 hippogriffs
  A human (D:7)
  3 yaks (D:7)
  4 hogs (D:7)
  2 hungry ghosts
  Menkaure (D:6)
  An acid dragon (D:8)
  Edmund (D:6)
  A crocodile (D:8)
  4 porcupines (D:8)
  2 orc warriors
  2 ice beasts (D:5)
  2 sky beasts (D:7)
  7 ogres
  A phantom (D:8)
  A necrophage (D:9)
  4 centaurs
  A big kobold (D:7)
  6 bullfrogs
  3 scorpions
  A wyvern skeleton (D:8)
  A howler monkey (D:8)
  A bullfrog zombie (D:7)
  4 crimson imps
  A centaur zombie (D:4)
  A quasit (D:8)
  2 hounds
  3 orc wizards
  4 orc priests
  3 jellies
  Jessica (D:2)
  4 bullfrog skeletons
  2 iguanas
  8 worker ants
  2 hound zombies
  A worker ant zombie (D:6)
  15 gnolls
  9 adders
  2 oozes
  An adder skeleton (D:5)
  3 adder zombies
  5 worms
  8 dart slugs
  4 leopard geckos
  22 orcs
  9 bats
  4 giant cockroaches
  10 goblins
  12 hobgoblins
  8 jackals
  4 quokkas
  5 frilled lizards
  2 jackal skeletons
  20 kobolds
  6 rats
  5 fungi (D:8)
250 creatures vanquished.

Vanquished Creatures (others)
  22 fungi (D:8)
  4 plants (D:8)
26 creatures vanquished.

Grand Total: 276 creatures vanquished

Notes
Turn   | Place    | Note
-------+----------+-------------------------------------------
     0 | D:1      | Morbidden the Fairy Conjurer began the quest for the Orb.
     0 | D:1      | Reached XP level 1. HP: 11/11 MP: 6/6
    69 | D:1      | Reached skill level 5 in Conjurations
   128 | D:1      | Reached XP level 2. HP: 17/17 MP: 7/7
   198 | D:1      | Learned a level 2 spell: Searing Ray
   388 | D:1      | Reached XP level 3. HP: 21/21 MP: 7/9
   910 | D:2      | Noticed Jessica
   913 | D:2      | Killed Jessica
   914 | D:2      | Reached XP level 4. HP: 25/27 MP: 6/11
  1196 | D:2      | Learned a level 3 spell: Iskenderun's Mystic Blast
  1859 | D:3      | Found a faded altar of an unknown god.
  1870 | D:3      | Found a snail-covered altar of Cheibriados.
  1876 | D:3      | Reached XP level 5. HP: 31/31 MP: 11/13
  1895 | D:3      | Became a worshipper of Cheibriados the Contemplative
  2155 | D:3      | Reached XP level 6. HP: 10/36 MP: 7/14
  2294 | D:3      | Reached * piety under Cheibriados
  2955 | D:4      | Found Lythrir's Book Shop.
  2974 | D:4      | Found a hazy altar of Hepliaklqana.
  2974 | D:4      | Found a basalt altar of Yredelemnul.
  3058 | D:4      | Found a snail-covered altar of Cheibriados.
  3088 | D:4      | Found a shattered altar of Ashenzari.
  3115 | D:4      | Reached XP level 7. HP: 42/42 MP: 12/16
  3174 | D:4      | Reached skill level 5 in Spellcasting
  3970 | D:5      | Entered Level 5 of the Dungeon
  3996 | D:5      | Reached skill level 1 in Fighting
  4080 | D:5      | Reached XP level 8. HP: 48/48 MP: 11/19
  4085 | D:5      | Reached skill level 1 in Unarmed Combat
  4325 | D:5      | Reached ** piety under Cheibriados
  4506 | D:5      | Found a runed door.
  4762 | D:5      | Reached skill level 10 in Conjurations
  4943 | D:5      | Learned a level 5 spell: Irradiate
  4965 | D:5      | Reached XP level 9. HP: 54/54 MP: 19/23
  5068 | D:6      | Reached skill level 1 in Transmutations
  5211 | D:6      | Noticed Edmund
  5212 | D:6      | Noticed Menkaure
  5223 | D:6      | Killed Edmund
  5229 | D:6      | Killed Menkaure
  5342 | D:6      | Reached skill level 5 in Dodging
  5375 | D:6      | Found a burning altar of Makhleb.
  5390 | D:6      | Reached skill level 1 in Shields
  5402 | D:6      | Reached *** piety under Cheibriados
  5411 | D:6      | Reached skill level 1 in Invocations
  6193 | D:7      | Noticed a troll
  6208 | D:7      | Killed a troll
  6220 | D:7      | Noticed a troll
  6225 | D:7      | Killed a troll
  6226 | D:7      | Reached XP level 10. HP: 62/62 MP: 8/25
  6418 | D:7      | Found an ancient bone altar of Kikubaaqudgha.
  6418 | D:7      | Found a stormy altar of Qazlal.
  6419 | D:7      | Found a shimmering altar of Xom.
  6485 | D:7      | Reached skill level 10 in Spellcasting
  6679 | D:7      | Reached **** piety under Cheibriados
  7001 | D:7      | Found a staircase to the Ecumenical Temple.
  7201 | D:8      | Found a staircase to the Lair.
  7342 | D:8      | Reached XP level 11. HP: 69/69 MP: 21/28
  7383 | D:8      | Noticed Gastronok
  7394 | D:8      | Killed Gastronok
  7496 | D:8      | Noticed a purple ugly thing
  7506 | D:8      | Killed a cyan ugly thing
  7817 | D:8      | Found Bogiahoa's Armour Boutique.
  8076 | Lair:1   | Entered Level 1 of the Lair of Beasts
  8201 | D:9      | Noticed a centaur warrior
  8205 | D:9      | Reached ***** piety under Cheibriados
  8207 | D:9      | Killed a centaur warrior
  8223 | D:9      | Found a glowing silver altar of Zin.
  8224 | D:9      | Found a runed door.
  8224 | D:9      | Noticed an angel
  8386 | D:9      | Noticed an orc knight
  8390 | D:9      | Noticed an orc knight
  8392 | D:9      | Slain by an orc knight

Skill      XL: |  1  2  3  4  5  6  7  8  9 10 11 |
---------------+----------------------------------+-----
Conjurations   | 5 6 7 8 9 10 11 12 | 12.3
Spellcasting   | 3 4 6 8 9 11 12 | 12.6
Dodging        | 3 4 6 7 |  7.2
Fighting       | 1 2 4 |  4.6
Unarmed Combat | 2 4 |  4.7
Transmutations | 2 3 4 |  4.0
Shields        | 1 2 |  2.5
Invocations    | 1 3 |  3.9
Stealth        | 2 |  2.3

Action                   |  1- 3 |  4- 6 |  7- 9 | 10-12 || total
-------------------------+-------+-------+-------+-------++-------
Melee: Falchion          |       |     3 |       |       ||     3
       Unarmed           |       |       |       |     1 ||     1
 Cast: Magic Dart        |    67 |   117 |    47 |    48 ||   279
       Searing Ray       |     3 |    14 |     8 |       ||    25
       Iskenderun's Myst |       |     3 |    99 |   125 ||   227
       Irradiate         |       |       |       |     3 ||     3
  Use: Scroll            |       |     1 |     1 |     7 ||     9
  Eat: Chunk             |       |     6 |     6 |     5 ||    17
Armor: Skin              |       |     4 |     6 |     2 ||    12
Dodge: Dodged            |     3 |    12 |    18 |    24 ||    57
Block: Other             |     2 |     5 |       |       ||     7
       Buckler           |       |       |    24 |    31 ||    55
